TOP OF THE 1ST |
Pawtucket Red Sox batting - Pitching for Omaha Storm Chasers : LHP Walter Whiteman
|
Pitching: LHP Walter Whiteman
|
|
Batting: LHB Tim Fuller
|
0-0: Called Strike 0-1: Ground out 6-3 (Groundball, 6M, EV 105.0 MPH)
|
Batting: RHB Eric Garrett
|
0-0: Fly out, F8 (Flyball, 8LD, EV 88.1 MPH)
|
Batting: RHB Jose Diaz
|
0-0: Ball 1-0: SINGLE (Line Drive, 8LS, EV 98.1 MPH)
|
Batting: RHB Dave Nickerson
|
0-0: Called Strike 0-1: Ball 1-1: Ball 2-1: Fly out, F9 (Flyball, 9, EV 87.5 MPH)
|
Top of the 1st over - 0 runs, 1 hit, 0 errors, 1 left on base; Pawtucket 0 - Omaha 0 |
BOTTOM OF THE 1ST |
Omaha Storm Chasers batting - Pitching for Pawtucket Red Sox : RHP Steve Capizzi
|
Pitching: RHP Steve Capizzi
|
|
Batting: LHB Jim Pankratz
|
0-0: Ball 1-0: Foul Ball, location: 2F 1-1: Foul Ball, location: 2F 1-2: Ball 2-2: Foul Ball, location: 2F 2-2: Ball 3-2: Base on Balls
|
Batting: LHB Manny Estrada
|
0-0: Called Strike 0-1: Ball 1-1: Grounds into double play, 5-6-3 (Groundball, 6, EV 81.2 MPH)
|
Batting: RHB Walt Cogswell
|
0-0: Fly out, F8 (Flyball, 8LD, EV 88.8 MPH)
|
Bottom of the 1st over - 0 runs, 0 hits, 0 errors, 0 left on base; Pawtucket 0 - Omaha 0 |
TOP OF THE 2ND |
Pawtucket Red Sox batting - Pitching for Omaha Storm Chasers : LHP Walter Whiteman
|
Batting: RHB Ernie Genier
|
0-0: Ball 1-0: Called Strike 1-1: Swinging Strike 1-2: Ball 2-2: Foul Ball, location: 2F 2-2: Foul Ball, location: 2F 2-2: Ground out 5-3 (Groundball, 56, EV 91.9 MPH)
|
Batting: RHB Brandon Perris
|
0-0: Called Strike 0-1: Ground out 5-3 (Groundball, 56S, EV 66.2 MPH)
|
Batting: RHB Neil Mautone
|
0-0: Swinging Strike 0-1: Ball 1-1: Ball 2-1: Ball 3-1: Base on Balls
|
Batting: LHB Dave Reyes
|
0-0: Called Strike 0-1: Ball 1-1: Swinging Strike 1-2: Ball 2-2: Strikes out looking
|
Top of the 2nd over - 0 runs, 0 hits, 0 errors, 1 left on base; Pawtucket 0 - Omaha 0 |
BOTTOM OF THE 2ND |
Omaha Storm Chasers batting - Pitching for Pawtucket Red Sox : RHP Steve Capizzi
|
Batting: RHB Jerry Escamilla
|
0-0: Ground out 1-3 (Groundball, 34S, EV 68.1 MPH)
|
Batting: RHB Eric Sandell
|
0-0: Called Strike 0-1: Ball 1-1: Ball 2-1: SINGLE (Groundball, 4MD, EV 103.1 MPH)
|
Batting: LHB Danny Bailey
|
0-0: Ball 1-0: SINGLE (Groundball, 34D, EV 98.1 MPH) Eric Sandell to second Runner from 2nd tries for 3rd, SAFE, throw by RF made to third Danny Bailey to second
|
Batting: SHB Ryoji Hiraoka
|
0-0: Fly out, F7 (Flyball, 78M, EV 75.6 MPH)
|
Batting: RHB Aaron Matthews
|
0-0: Ball 1-0: Swinging Strike 1-1: Called Strike 1-2: Fly out, F9 (Flyball, 9, EV 92.5 MPH)
|
Bottom of the 2nd over - 0 runs, 2 hits, 0 errors, 2 left on base; Pawtucket 0 - Omaha 0 |
TOP OF THE 3RD |
Pawtucket Red Sox batting - Pitching for Omaha Storm Chasers : LHP Walter Whiteman
|
Batting: RHB Joe Evrard
|
0-0: Ball 1-0: Ball 2-0: Swinging Strike 2-1: Ball 3-1: Foul Ball, location: 2F 3-2: Fly out, F8 (Flyball, 8RD, EV 88.8 MPH)
|
Pitching: RHP Andy Rodriguez
|
|
Batting: LHB Tim Fuller
|
0-0: Ball 1-0: Ball 2-0: Called Strike 2-1: Called Strike 2-2: Foul Ball, location: 2F 2-2: Ball 3-2: Base on Balls
|
Batting: RHB Eric Garrett
|
0-0: Ball 1-0: Called Strike 1-1: Ball 2-1: Ball 3-1: Base on Balls Tim Fuller to second
|
Batting: RHB Jose Diaz
|
0-0: Ball 1-0: Foul Ball, location: 2F 1-1: Foul Ball, location: 2F 1-2: Strikes out swinging
|
Batting: RHB Dave Nickerson
|
0-0: Foul Ball, location: 2F 0-1: SINGLE (Groundball, 6MD, EV 98.8 MPH) Tim Fuller to third Eric Garrett to second
|
Batting: RHB Ernie Genier
|
0-0: Called Strike 0-1: Swinging Strike 0-2: Strikes out swinging
|
Top of the 3rd over - 0 runs, 1 hit, 0 errors, 3 left on base; Pawtucket 0 - Omaha 0 |
BOTTOM OF THE 3RD |
Omaha Storm Chasers batting - Pitching for Pawtucket Red Sox : RHP Steve Capizzi
|
Batting: LHB Chris Eaker
|
0-0: Swinging Strike 0-1: Foul Ball, location: 2F 0-2: Strikes out swinging
|
Batting: LHB Jim Pankratz
|
0-0: Called Strike 0-1: Called Strike 0-2: Ball 1-2: Fly out, F7 (Flyball, 78M, EV 86.9 MPH)
|
Batting: LHB Manny Estrada
|
0-0: Foul Ball, location: 2F 0-1: Ball 1-1: Hit by Pitch
|
Batting: RHB Walt Cogswell
|
0-0: Ball 1-0: Ball 2-0: Called Strike 2-1: Ball 3-1: Foul Ball, location: 2F 3-2: Base on Balls Manny Estrada to second
|
Batting: RHB Jerry Escamilla
|
0-0: Called Strike 0-1: Ball 1-1: SINGLE (Line Drive, 8RS, EV 95.0 MPH) Manny Estrada to third Walt Cogswell to second Runner from 3rd tries for Home, SAFE, throw by CF to home
|
Batting: RHB Eric Sandell
|
0-0: Ball 1-0: SINGLE (Groundball, 6D, EV 94.4 MPH) Walt Cogswell to third Jerry Escamilla to second Runner from 3rd tries for Home, SAFE, throw by LF to home
|
Batting: LHB Danny Bailey
|
0-0: Fly out, F8 (Flyball, 8RS, EV 86.2 MPH)
|
Bottom of the 3rd over - 2 runs, 2 hits, 0 errors, 2 left on base; Pawtucket 0 - Omaha 2 |
TOP OF THE 4TH |
Pawtucket Red Sox batting - Pitching for Omaha Storm Chasers : RHP Andy Rodriguez
|
Batting: RHB Brandon Perris
|
0-0: Ball 1-0: Swinging Strike 1-1: Foul Ball, location: 2F 1-2: SINGLE (Groundball, 56D, EV 100.0 MPH)
|
Batting: RHB Neil Mautone
|
0-0: Foul Ball, location: 2F 0-1: Ball 1-1: Swinging Strike 1-2: Ball 2-2: Strikes out swinging
|
Batting: LHB Dave Reyes
|
0-0: Called Strike 0-1: Ball Wild Pitch! Brandon Perris to second 1-1: Swinging Strike 1-2: Strikes out swinging
|
Batting: RHB Joe Evrard
|
0-0: Ball 1-0: Ball 2-0: Foul Ball, location: 2F 2-1: Ball 3-1: Single, Error in OF, E8, batter to second base (Groundball, 6MD, EV 95.6 MPH) Brandon Perris scores
|
Pitching: RHP Ken Hall
|
|
Batting: LHB Tim Fuller
|
0-0: Foul Ball, location: 2F 0-1: Called Strike 0-2: Strikes out looking
|
Top of the 4th over - 1 run, 2 hits, 1 error, 1 left on base; Pawtucket 1 - Omaha 2 |
BOTTOM OF THE 4TH |
Omaha Storm Chasers batting - Pitching for Pawtucket Red Sox : RHP Steve Capizzi
|
Batting: SHB Ryoji Hiraoka
|
0-0: Ball 1-0: Called Strike 1-1: Ground out U3 (Groundball, 3S, EV 86.9 MPH)
|
Batting: RHB Aaron Matthews
|
0-0: Ball 1-0: Ground out U3 (Groundball, 3L, EV 78.8 MPH)
|
Batting: LHB Chris Eaker
|
0-0: Ball 1-0: Ball 2-0: Called Strike 2-1: Ground out U3 (Groundball, 3, EV 85.0 MPH)
|
Bottom of the 4th over - 0 runs, 0 hits, 0 errors, 0 left on base; Pawtucket 1 - Omaha 2 |
TOP OF THE 5TH |
Pawtucket Red Sox batting - Pitching for Omaha Storm Chasers : RHP Ken Hall
|
Batting: RHB Eric Garrett
|
0-0: Called Strike 0-1: Swinging Strike 0-2: Ball 1-2: Foul Ball, location: 2F 1-2: Foul Ball, location: 2F 1-2: Foul Ball, location: 2F 1-2: Foul Ball, location: 2F 1-2: Foul Ball, location: 2F 1-2: Foul Ball, location: 2F 1-2: Foul Ball, location: 2F 1-2: Foul Ball, location: 2F 1-2: Ball 2-2: Ball 3-2: Strikes out looking
|
Batting: RHB Jose Diaz
|
0-0: Ball 1-0: Called Strike 1-1: Ball 2-1: Ball 3-1: Foul Ball, location: 2F 3-2: Foul Ball, location: 2F 3-2: Foul Ball, location: 2F 3-2: Strikes out looking
|
Batting: RHB Dave Nickerson
|
0-0: Ball 1-0: Called Strike 1-1: Swinging Strike 1-2: Ball 2-2: Strikes out looking
|
Top of the 5th over - 0 runs, 0 hits, 0 errors, 0 left on base; Pawtucket 1 - Omaha 2 |
BOTTOM OF THE 5TH |
Omaha Storm Chasers batting - Pitching for Pawtucket Red Sox : RHP Steve Capizzi
|
Batting: LHB Jim Pankratz
|
0-0: Ball 1-0: Foul Ball, location: 2F 1-1: Ball 2-1: Ground out 6-3 (Groundball, 6, EV 100.6 MPH)
|
Batting: LHB Manny Estrada
|
0-0: Ball 1-0: Called Strike 1-1: Foul Ball, location: 2F 1-2: Fly out, F8 (Flyball, 8LM, EV 88.1 MPH)
|
Batting: RHB Walt Cogswell
|
0-0: Ball 1-0: Ball 2-0: Fly out, F9 (Flyball, 9, EV 90.0 MPH)
|
Bottom of the 5th over - 0 runs, 0 hits, 0 errors, 0 left on base; Pawtucket 1 - Omaha 2 |
TOP OF THE 6TH |
Pawtucket Red Sox batting - Pitching for Omaha Storm Chasers : RHP Ken Hall
|
Pitching: RHP Matt Carnevale
|
|
Batting: RHB Ernie Genier
|
0-0: Fly out, F3 (Popup, 3SF, EV 77.5 MPH)
|
Batting: RHB Brandon Perris
|
0-0: Ball 1-0: Fly out, F7 (Line Drive, 7, EV 92.5 MPH)
|
Batting: RHB Neil Mautone
|
0-0: Foul Ball, location: 2F 0-1: Ball 1-1: Foul Ball, location: 2F 1-2: DOUBLE (Flyball, 8LXD, EV 110.0 MPH)
|
Batting: LHB Dave Reyes
|
0-0: Ball 1-0: Ball 2-0: Ball 3-0: Called Strike 3-1: Base on Balls
|
Pinch Hitting: LHB Aaron Brannon
|
0-0: Called Strike 0-1: Fly out, F5 (Popup, 5F, EV 63.1 MPH)
|
Top of the 6th over - 0 runs, 1 hit, 0 errors, 2 left on base; Pawtucket 1 - Omaha 2 |
BOTTOM OF THE 6TH |
Omaha Storm Chasers batting - Pitching for Pawtucket Red Sox : RHP Steve Capizzi
|
Now at SS: Gus Cruz
|
|
Batting: RHB Jerry Escamilla
|
0-0: Ball 1-0: Foul Ball, location: 2F 1-1: Swinging Strike 1-2: Ball 2-2: Ball 3-2: Foul Ball, location: 2F 3-2: Foul Ball, location: 2F 3-2: SINGLE (Groundball, 6MD, EV 103.8 MPH)
|
Batting: RHB Eric Sandell
|
0-0: Called Strike 0-1: Ball 1-1: Swinging Strike 1-2: Ball 2-2: Fly out, F3 (Popup, 34S, EV 81.9 MPH)
|
Batting: LHB Danny Bailey
|
0-0: Swinging Strike 0-1: Fielders Choice at 2nd, 4-6 (Groundball, 34D, EV 103.8 MPH)
|
Batting: SHB Ryoji Hiraoka
|
0-0: Called Strike 0-1: Ball 1-1: SINGLE (Line Drive, 4MD, EV 101.2 MPH) Danny Bailey to second
|
Batting: RHB Aaron Matthews
|
0-0: Ball 1-0: Ball 2-0: Foul Ball, location: 2F 2-1: Ground out 5-3 (Groundball, 56S, EV 90.6 MPH)
|
Bottom of the 6th over - 0 runs, 2 hits, 0 errors, 2 left on base; Pawtucket 1 - Omaha 2 |
TOP OF THE 7TH |
Pawtucket Red Sox batting - Pitching for Omaha Storm Chasers : RHP Matt Carnevale
|
Batting: LHB Tim Fuller
|
0-0: Called Strike 0-1: Ball 1-1: Ground out 4-3 (Groundball, 4, EV 87.5 MPH)
|
Batting: RHB Eric Garrett
|
0-0: Ball 1-0: Called Strike 1-1: Ball 2-1: Ball 3-1: Base on Balls
|
Batting: RHB Jose Diaz
|
0-0: Ball 1-0: Ball 2-0: Grounds into double play, 5-4-3 (Groundball, 56, EV 88.1 MPH)
|
Top of the 7th over - 0 runs, 0 hits, 0 errors, 0 left on base; Pawtucket 1 - Omaha 2 |
BOTTOM OF THE 7TH |
Omaha Storm Chasers batting - Pitching for Pawtucket Red Sox : RHP Steve Capizzi
|
Batting: LHB Chris Eaker
|
0-0: Ball 1-0: Called Strike 1-1: Swinging Strike 1-2: Strikes out swinging
|
Batting: LHB Jim Pankratz
|
0-0: Ball 1-0: Ball 2-0: Ball 3-0: Called Strike 3-1: Foul Ball, location: 2F 3-2: Base on Balls
|
Pitching: RHP Justin Carrion
|
|
Batting: LHB Manny Estrada
|
0-0: Ball 1-0: Ball 2-0: Ball 3-0: Base on Balls Jim Pankratz to second
|
Batting: RHB Walt Cogswell
|
0-0: Called Strike 0-1: Grounds into double play, 6-4-3 (Groundball, 6, EV 92.5 MPH)
|
Bottom of the 7th over - 0 runs, 0 hits, 0 errors, 1 left on base; Pawtucket 1 - Omaha 2 |
TOP OF THE 8TH |
Pawtucket Red Sox batting - Pitching for Omaha Storm Chasers : RHP Matt Carnevale
|
Pitching: RHP Justin Nipper
|
|
Batting: LHB David Moore
|
0-0: Ball 1-0: Called Strike 1-1: Foul Ball, location: 2F 1-2: Strikes out looking
|
Batting: RHB Ernie Genier
|
0-0: Ball 1-0: Ground out 6-3 (Groundball, 56S, EV 85.6 MPH)
|
Batting: RHB Brandon Perris
|
0-0: Called Strike 0-1: SINGLE (Groundball, 34S, EV 65.6 MPH) (infield hit)
|
Batting: RHB Neil Mautone
|
0-0: Ball 1-0: Swinging Strike 1-1: Foul Ball, location: 2F 1-2: Ground out 4-3 (Groundball, 34D, EV 110.6 MPH)
|
Top of the 8th over - 0 runs, 1 hit, 0 errors, 1 left on base; Pawtucket 1 - Omaha 2 |
BOTTOM OF THE 8TH |
Omaha Storm Chasers batting - Pitching for Pawtucket Red Sox : RHP Justin Carrion
|
Batting: RHB Jerry Escamilla
|
0-0: Swinging Strike 0-1: Ball 1-1: Ball 2-1: Ground out 6-3 (Groundball, 6, EV 86.2 MPH)
|
Batting: RHB Eric Sandell
|
0-0: Ball 1-0: Called Strike 1-1: Foul Ball, location: 2F 1-2: Strikes out swinging
|
Batting: LHB Danny Bailey
|
0-0: Called Strike 0-1: Ball 1-1: Ball 2-1: Foul Ball, location: 2F 2-2: Foul Ball, location: 2F 2-2: Ball 3-2: Base on Balls
|
Batting: SHB Ryoji Hiraoka
|
0-0: Ball Danny Bailey is caught stealing 2nd base 2-6
|
Bottom of the 8th over - 0 runs, 0 hits, 0 errors, 0 left on base; Pawtucket 1 - Omaha 2 |
TOP OF THE 9TH |
Pawtucket Red Sox batting - Pitching for Omaha Storm Chasers : RHP Justin Nipper
|
Batting: LHB Dave Reyes
|
0-0: Fly out, F8 (Line Drive, 8RM, EV 96.9 MPH)
|
Batting: SHB Gus Cruz
|
0-0: Called Strike 0-1: Ground out 2-3 (Groundball, 2R, EV 68.1 MPH)
|
Batting: LHB Tim Fuller
|
0-0: Called Strike 0-1: Swinging Strike 0-2: Strikes out swinging
|
Top of the 9th over - 0 runs, 0 hits, 0 errors, 0 left on base; Pawtucket 1 - Omaha 2 |
|